 Dungeon Crawl Stone Soup version 0.19.0-19-g8c6edcc (webtiles) character file.

885 Charly the Cleaver (level 7, 0/63 HPs)
             Began as a Minotaur Berserker on Nov 15, 2016.
             Was a Believer of Trog.
             Slain by a killer bee (3 damage)
             ... while paralysed
             ... on level 7 of the Dungeon.
             The game lasted 00:06:24 (742 turns).

Charly the Cleaver (Minotaur Berserker)              Turns: 742, Time: 00:06:24

Health: 0/63       AC:  5    Str: 22    XL:     7   Next: 76%
Magic:  6/6        EV:  2    Int:  4    God:    Trog [**....]
Gold:   89         SH:  0    Dex: 11    Spells: 0 memorised, 6 levels left

rFire  . . .     SeeInvis .     a - +0 war axe
rCold  . . .     Gourm    .     f - +0 ring mail
rNeg   . . .     Faith    .     (no shield)
rPois  .         Spirit   .     (helmet restricted)
rElec  .         Reflect  .     (no cloak)
rCorr  .         Harm     .     (no gloves)
MR     .....                    (no boots)
Stlth  +.........               (no amulet)
                                (no ring)
                                (no ring)

@: paralysed, lethally poisoned (0 -> -2), exhausted, slowed
A: retaliatory headbutt, horns 2
a: Berserk, Trog's Hand, Burn Spellbooks, Renounce Religion


You were on level 7 of the Dungeon.
You worshipped Trog.
Trog was pleased with you.
You were not hungry.

You visited 1 branch of the dungeon, and saw 7 of its levels.

You collected 89 gold pieces.

Inventory:

Hand Weapons
 a - a +0 war axe (weapon)
 e - a +1 flail of draining
 l - a +0 hand axe
Armour
 f - a +0 ring mail (worn)
Scrolls
 i - a scroll of blinking {unknown}
 j - a scroll of recharging {unknown}
 k - a scroll of identify {unknown}
 o - a scroll of teleportation {unknown}
Potions
 b - a potion of berserk rage {unknown}
 g - 3 potions of cure mutation {unknown}
 h - a potion of heal wounds {unknown}
 m - a potion of curing {unknown}
Comestibles
 c - 2 bread rations
 d - 2 meat rations
 n - a chunk of flesh


   Skills:
 + Level 6.1 Fighting
 * Level 10.0 Axes
 - Level 2.4 Armour
 - Level 2.1 Dodging


You had 6 spell levels left.
You didn't know any spells.

Dungeon Overview and Level Annotations

Branches:
Dungeon (7/15)
 Temple: D:4-7

Altars:


Innate Abilities, Weirdness & Mutations

You reflexively headbutt those who attack you in melee.
You have a pair of horns on your head.


Message History

You slash the leopard gecko!
You kill the leopard gecko!
Trog accepts your kill.
Unknown command.
Eat one of 2 chunks of flesh? (ye/n/q)
You start eating one of the 2 chunks of flesh.
You feel sick.
This raw flesh tastes terrible.
You feel a strong urge to attack something.
The killer bee buzzes angrily.
Unknown command.
Unknown command.
You feel your anger subside.
You are no longer berserk.
You pass out from exhaustion.
You feel yourself slow down.
* * * LOW HITPOINT WARNING * * *
You feel sick.
* * * LOW HITPOINT WARNING * * *
You feel sick. The killer bee stings you.
You die...

#..y.... #.....####
#.....yy.# #...##
#....# ####.## #..##
######..##
#...@y.†.##.#
#..###......# #####
##.###...............
#...#...######......
###.#....####..##..#
#.#....##.........
#.####............
#.###..##.........
#.....###.........


You could see a killer bee.

Vanquished Creatures
  Edmund (D:4)
  An ice beast (D:7)
  3 bullfrogs
  4 killer bees (D:7)
  A crimson imp (D:7)
  A centaur zombie (D:6)
  A hound (D:7)
  A jelly (D:6)
  4 worker ants
  4 gnolls (D:6)
  3 adders
  An ooze (D:4)
  2 leopard geckos
  5 orcs (D:6)
  A bat (D:1)
  3 jackals (D:1)
36 creatures vanquished.

Notes
Turn   | Place    | Note
-------+----------+-------------------------------------------
     0 | D:1      | Charly the Minotaur Berserker began the quest for the Orb.
     0 | D:1      | Reached XP level 1. HP: 19/19 MP: 0/0
    24 | D:1      | Reached skill level 4 in Axes
    60 | D:2      | You fall through a shaft for 2 floors!
    63 | D:4      | Reached XP level 2. HP: 22/26 MP: 1/1
   106 | D:4      | Noticed Edmund
   116 | D:4      | Killed Edmund
   116 | D:4      | Reached skill level 6 in Axes
   116 | D:4      | Reached XP level 3. HP: 22/31 MP: 2/2
   116 | D:4      | Reached XP level 4. HP: 27/39 MP: 3/3
   148 | D:4      | Reached skill level 7 in Axes
   148 | D:4      | Reached XP level 5. HP: 22/45 MP: 4/4
   207 | D:5      | Entered Level 5 of the Dungeon
   217 | D:5      | HP: 2/46 [poisoned by a worker ant]
   226 | D:6      | HP: 1/69 [bullfrog (4)]
   280 | D:6      | Reached skill level 8 in Axes
   280 | D:6      | Reached XP level 6. HP: 17/53 MP: 5/5
   390 | D:7      | Noticed an orc warrior
   618 | D:6      | Reached ** piety under Trog
   639 | D:6      | Reached skill level 5 in Fighting
   658 | D:7      | Noticed an ice beast
   666 | D:7      | Killed an ice beast
   666 | D:7      | Reached skill level 9 in Axes
   666 | D:7      | Reached XP level 7. HP: 38/61 MP: 6/6
   736 | D:7      | Reached skill level 10 in Axes
   740 | D:7      | HP: 3/63 [poisoned by a killer bee]
   742 | D:7      | Slain by a killer bee

Skill      XL: |  1  2  3  4  5  6  7 |
---------------+----------------------+-----
Axes           | 4 6 7 8 9 10 | 10.0
Fighting       | 4 5 6 |  6.1
Armour         | |  2.4
Dodging        | |  2.1

Action                   |  1- 3 |  4- 6 |  7- 9 || total
-------------------------+-------+-------+-------++-------
Melee: Hand axe          |    13 |    17 |       ||    30
       Headbutt          |     1 |     7 |     3 ||    11
       Flail             |       |    12 |       ||    12
       War axe           |       |    15 |    14 ||    29
Invok: Berserk           |     2 |     7 |     1 ||    10
  Eat: Chunk             |       |     7 |     2 ||     9
Armor: Animal skin       |     3 |       |       ||     3
       Ring mail         |       |     9 |     6 ||    15
Dodge: Dodged            |     5 |    21 |    21 ||    47
